 Dungeon Crawl Stone Soup version 0.29.1-4-g47bece8355 (webtiles) character file.

Game seed: 18040029088135553632

5 iamoutofideas the Trooper (level 1, -3/20 HPs)
             Began as a Hill Orc Abyssal Knight on Dec 8, 2022.
             Was a Believer of Lugonu.
             Slain by a hobgoblin (4 damage)
             ... on level 1 of the Dungeon.
             The game lasted 00:00:29 (368 turns).

iamoutofideas the Trooper (Hill Orc Abyssal Knight)  Turns: 368, Time: 00:00:30

Health: -3/20      AC:  3    Str: 15    XL:     1   Next: 80%
Magic:  2/2        EV: 11    Int: 10    God:    Lugonu [**....]
Gold:   0          SH:  0    Dex: 11    Spells: 0/0 levels left

rFire   . . .      SeeInvis .   a - +1 hand axe
rCold   . . .      Faith    .   (no shield)
rNeg    . . .      Spirit   .   b - +0 leather armour
rPois   .          Reflect  .   (no helmet)
rElec   .          Harm     .   (no cloak)
rCorr   .          Rampage  .   (no gloves)
Will    .....                   (no boots)
Stlth   +.........              (no amulet)
HPRegen 0.06/turn               (no ring)
MPRegen 0.08/turn               (no ring)

@: no status effects
A: no striking features
a: Renounce Religion, Depart the Abyss, Bend Space


You were on level 1 of the Dungeon.
You worshipped Lugonu.
Lugonu was pleased with you.
You visited 1 branch of the dungeon, and saw 1 of its levels.
You visited the Abyss 1 time.

Inventory:

Hand Weapons
 a - a +1 hand axe (weapon)
Armour
 b - a +0 leather armour (worn)
Scrolls
 c - a scroll of enchant weapon {unknown}


   Skills:
 - Level 3.8 Fighting
 + Level 3.1 Axes
 - Level 2.1 Armour
 - Level 0.7 Dodging
 - Level 2.5 Invocations


You couldn't memorise any spells.
You didn't know any spells.
Your spell library was empty.

Dungeon Overview and Level Annotations

Branches:
Dungeon (1/15)

Altars:


Message History

Unknown command.
You are too injured to fight recklessly!
Unknown command.
You are too injured to fight recklessly!
You are too injured to fight recklessly!
You barely miss the hobgoblin.
The hobgoblin is almost dead.
You hit the quokka. The quokka bites you.
* * * LOW HITPOINT WARNING * * *
The hobgoblin hits you but does no damage.
Space bends violently around you!
You blink.
Unknown command.
A giant cockroach comes into view.
A ball python comes into view.
You hit the quokka.
You kill the quokka!
Lugonu accepts your kill.
The giant cockroach attacks as you move away!
The giant cockroach bites you.
* * * LOW HITPOINT WARNING * * *
The hobgoblin hits you.
* * * LOW HITPOINT WARNING * * *
You see here a quokka corpse.
You hit the hobgoblin.
You kill the hobgoblin!
Lugonu accepts your kill.
You hit the giant cockroach. The giant cockroach barely misses you.
Your Axes skill increases to level 3!
The giant cockroach attacks as you move away!
The giant cockroach closely misses you.
The hobgoblin hits you but does no damage.
You see here a hobgoblin corpse.
You hit the hobgoblin.
The hobgoblin is moderately wounded.
You closely miss the giant cockroach. The giant cockroach bites you.
* * * LOW HITPOINT WARNING * * *
The hobgoblin barely misses you. The giant cockroach bites you.
* * * LOW HITPOINT WARNING * * *
The hobgoblin hits you.
You die...

#. ########## #.
#........# # #.S
#........# .# #..
#........# ...#
#...#........#+#...#####
#...#..............+....
###..................#####
........B@g...............
####....####......###..###
#....# #####....#..#
........ #........###
..#####.# .............. .
#.# ######.####### ...
#........ ... #########
######


You could see a giant cockroach and a hobgoblin.

Vanquished Creatures
  A hobgoblin (D:1)
  2 quokkas (D:1)
  A kobold (D:1)
  A rat (D:1)
5 creatures vanquished.

Notes
Turn   | Place    | Note
-------+----------+-------------------------------------------
     0 | Abyss:1  | iamoutofideas the Hill Orc Abyssal Knight began the quest
                  | for the Orb.
     0 | Abyss:1  | Reached XP level 1. HP: 19/19 MP: 2/2
     1 | D:1      | Escaped the Abyss
   368 | D:1      | HP: 1/20 [giant cockroach (1)]
   368 | D:1      | Slain by a hobgoblin

Illustrated notes

Levels and vault maps discovered:
D:1:      dpeg_arrival_pond, layout_basic

Skill      XL: |  1 |
---------------+----+-----
Axes           | 3 |  3.1
Fighting       | |  3.8
Armour         | |  2.1
Dodging        | |  0.7
Invocations    | |  2.5

Action                   || total
-------------------------++-------
Melee: Hand axe          ||    19
       Punch             ||     1
Invok: Bend Space        ||     1
Armor: Leather armour    ||     4
Dodge: Dodged            ||    11
